 Dungeon Crawl Stone Soup version 0.28.0-47-ge53b351184 (webtiles) character file.

Game seed: 3576610109317288638

312 firemarshallily the Skirmisher (level 6, -1/48 HPs)
             Began as a Demonspawn Fighter on Apr 27, 2022.
             Was an Initiate of Gozag.
             Killed by divine providence
             ... invoked by an orc priest
              (11 damage)
             ... on level 4 of the Dungeon.
             The game lasted 00:11:41 (3736 turns).

firemarshallily the Skirmisher (Demonspawn Fighter) Turns: 3736, Time: 00:11:41

Health: -1/48      AC:  9    Str: 19    XL:     6   Next: 18%
Magic:  6/6        EV:  9    Int:  9    God:    Gozag
Gold:   597        SH:  0    Dex: 20    Spells: 5/5 levels left

rFire   . . .      SeeInvis .   a - +0 war axe
rCold   . . .      Faith    .   c - +0 buckler
rNeg    . . .      Spirit   .   b - +0 scale mail
rPois   .          Reflect  .   (no helmet)
rElec   .          Harm     .   n - +1 cloak
rCorr   .          Rampage  .   (no gloves)
Will    .....                   (no boots)
Stlth   +.........              (no amulet)
HPRegen 0.16/turn               j - +6 ring of dexterity
MPRegen 0.10/turn               (no ring)

@: confused
A: thin skeletal structure 1, powered by death 1, demonic magic 2
a: Renounce Religion, Potion Petition, Call Merchant, Bribe Branch


You were on level 4 of the Dungeon.
You worshipped Gozag.
Gozag was pleased with you.
You visited 1 branch of the dungeon, and saw 4 of its levels.

You collected 597 gold pieces.

Inventory:

Hand Weapons
 a - a +0 war axe (weapon)
Missiles
 g - 77 stones (quivered)
Armour
 b - a +0 scale mail (worn)
 c - a +0 buckler (worn)
 n - a +1 cloak (worn)
 o - a +1 leather armour of cold resistance
Jewellery
 j - a +6 ring of dexterity (left hand)
Scrolls
 f - a scroll of teleportation
 k - 2 scrolls of fear
 m - a scroll of acquirement {unknown}
Potions
 d - a potion of might
 e - a potion of curing {unknown}
 h - a potion of haste {unknown}
 i - 2 potions of attraction {unknown}
 l - a potion of lignification {unknown}
 p - a potion of invisibility
 q - a potion of brilliance


   Skills:
 + Level 4.2 Fighting
 + Level 3.3 Axes
 + Level 3.9 Armour
 + Level 3.9 Shields


You had 5 spell levels left.
You didn't know any spells.
Your spell library contained the following spells:

 Spells                   Type           Power      Damage    Failure   Level
 Ignite Poison            Fire/Tmut/Pois 0%         N/A       99%         3
 Spider Form              Tmut/Pois      0%         N/A       99%         3
 Statue Form              Tmut/Erth      0%         N/A       100%        6


Dungeon Overview and Level Annotations

Branches:
Dungeon (4/15)
 Temple: D:4-7

Altars:
Gozag

Annotations:
D:3 3 runed translucent doors, ChongLi's ghost, amateur TeAE


Innate Abilities, Weirdness & Mutations

You have a somewhat thin skeletal structure. (Dex +2, Stealth+)
You regenerate a little health from kills.
Spells you cast may paralyse nearby enemies.


Message History

The orc priest miscasts a cantrip.
The orc priest calls down the wrath of Beogh upon you.
Pain shoots through your body!
The orc wizard hits you with a +0 dagger.
The orc priest mumbles some strange prayers to Beogh against you.
Pain shoots through your body!
Things that are here:
4 gold pieces; a +0 flail You hit the orc priest.
The orc priest is lightly wounded.
You closely miss the orc wizard.
The orc wizard hits you with a +0 dagger.
The orc priest mumbles some strange prayers to Beogh against you.
Pain shoots through your body!
* * * LOW HITPOINT WARNING * * *
The orc wizard hits you but does no damage.
You completely miss the orc priest.
The orc priest is lightly wounded.
You closely miss the orc wizard. You block the orc priest's attack.
The orc wizard gestures at you while chanting.
You are confused.
You slash the orc priest!
The orc priest is heavily wounded.
You miss the orc wizard.
The orc priest hits you but does no damage.
The orc wizard hits you but does no damage.
The orc priest hits you but does no damage.
The orc wizard hits you with a +0 dagger.
* * * LOW HITPOINT WARNING * * *
You miss the orc wizard.
You hit the orc priest but do no damage.
The orc priest hits you with a +0 dagger.
* * * LOW HITPOINT WARNING * * *
The orc wizard casts a spell at you. You resist with some effort.
Unknown command.
The orc priest invokes the aid of Beogh against you.
Beogh smites you!
You die...
Your body crumbles into a pile of gold.

≈...## ## ≈..## ..
#..### .####
##....#.# .#.#
##.#...#.# ##..#
##.##≈..... #.oo#
#.##≈≈.##..
##$#####.##≈≈.##..
#@........#≈≈.##..
#####.#####≈≈.##.#
#.#≈≈≈≈≈..##..
#.#≈≈≈≈≈.###.#
#.#≈≈≈≈..# #<.
#.#≈≈≈..## #.#
#.#≈....####..
.....#.......#
#.####.#####..


You could see an orc priest.

Vanquished Creatures
  A phantom (D:3)
  A jelly (D:3)
  An orc priest (D:3)
  An orc wizard (D:3)
  7 adders
  3 worms
  A dart slug (D:2)
  3 orcs
  3 ball pythons
  7 bats
  4 endoplasms
  A giant cockroach (D:2)
  15 hobgoblins
  2 jackals (D:1)
  A quokka (D:3)
  3 frilled lizards
  7 goblins
  11 kobolds
  6 rats
78 creatures vanquished.

Vanquished Creatures (others)
  4 plants (D:4)
4 creatures vanquished.

Grand Total: 82 creatures vanquished

Notes
Turn   | Place    | Note
-------+----------+-------------------------------------------
     0 | D:1      | firemarshallily the Demonspawn Fighter began the quest for
                  | the Orb.
     0 | D:1      | Reached XP level 1. HP: 18/18 MP: 1/1
   312 | D:1      | Found a faded altar of an unknown god.
   329 | D:1      | Prayed at the altar of an unknown god.
   329 | D:1      | Became a worshipper of Gozag Ym Sagoz the Greedy
   336 | D:1      | Gained mutation: You regenerate a little health from kills.
                  | [demonic ancestry]
   336 | D:1      | Reached XP level 2. HP: 24/24 MP: 2/2
  1118 | D:2      | Got the Grimoire of Toxins and Shape Shifting
  1197 | D:2      | Reached XP level 3. HP: 29/29 MP: 3/3
  2106 | D:3      | Gained mutation: Spells you cast may paralyse adjacent
                  | enemies. [demonic ancestry]
  2106 | D:3      | Reached XP level 4. HP: 30/35 MP: 4/4
  2416 | D:3      | Gained mutation: Spells you cast may paralyse nearby
                  | enemies. [demonic ancestry]
  2416 | D:3      | Reached XP level 5. HP: 15/42 MP: 5/5
  2902 | D:3      | Noticed a phantom
  2910 | D:3      | Killed a phantom
  2911 | D:3      | Reached skill level 4 in Fighting
  2929 | D:3      | Gained mutation: You have a somewhat thin skeletal
                  | structure. (Dex +2, Stealth+) [demonic ancestry]
  2929 | D:3      | Reached XP level 6. HP: 48/48 MP: 6/6
  3079 | D:3      | Found a runed translucent gate.
  3079 | D:3      | Found a runed translucent gate.
  3079 | D:3      | Found a runed translucent gate.
  3079 | D:3      | Noticed ChongLi's ghost (amateur TeAE)
  3736 | D:4      | Killed from afar by an orc priest

Illustrated notes

Levels and vault maps discovered:
D:1:      lemuel_arrival_rhombus, layout_loops_corners,
          hellmonk_ecumenical_altar_leap_of_faith, st_stairs_12
D:2:      layout_basic, minmay_misc_feat_alley
D:3:      layout_basic, ebering_ghost_rock_garden, serial_bayou_pond_b,
          dk_noncrumbling_2, grunt_decor_cap, kennysheep_cross_room,
          st_stairs_14, minmay_joined_circles
D:4:      layout_loops_ring, minmay_temple_entry_hall, serial_shops,
          nicolae_inconvenience_store, grunt_decor_junction, minivault_23,
          serial_bayou_ford_a, corner_web_ring

Skill      XL: |  1  2  3  4  5 |
---------------+----------------+-----
Axes           | 2 3 |  3.3
Armour         | 3 |  3.9
Shields        | 3 |  3.9
Fighting       | 4 |  4.2

Action                   |  1- 3 |  4- 6 || total
-------------------------+-------+-------++-------
Melee: War axe           |   120 |   128 ||   248
Throw: Stone             |     9 |    22 ||    31
  Use: Scroll            |     4 |     3 ||     7
       Potion            |       |     2 ||     2
 Stab: Distracted        |     1 |       ||     1
Armor: Scale mail        |    55 |    74 ||   129
Dodge: Dodged            |    42 |    49 ||    91
Block: Buckler           |    30 |    35 ||    65
